[Event "*** Titled Tuesday Blitz"]
[Site "Chess.com"]
[Date "2020.05.05"]
[Round "6"]
[White "AttilaTurzo"]
[Black "Susal_De_Silva"]
[Result "1-0"]
[WhiteElo "2491"]
[BlackElo "2241"]
[TimeControl "180+1"]
[EndTime "11:07:34 PDT"]
[Termination "AttilaTurzo won by resignation"]

1. e4 e5 2. Nf3 Nc6 3. d4 exd4 4. Nxd4 Qf6 5. Nb5 Qe5 6. Qd5 Bb4+ 7. N1c3 Ba5 8. Bd2 a6 9. Qxe5+ Nxe5 10. Nd4 Bb6 11. Nf5 g6 12. Ne3 Ne7 13. Ncd5 Bxe3 14. Bxe3 Nxd5 15.
exd5 O-O 16. d6 c6 17. Bb6 Re8 18. O-O-O Ng4 19. h3 Nf6 20. Bc4 Re4 21. b3 a5 22.
a4 Nd5 23. Bxd5 cxd5 24. Rxd5 Ra6 25. Rb5 Re6 26. Rd1 f6 27. c4 Re5 28. Rxe5 fxe5 29.
c5 Kf7 30. Kc2 Ke6 31. Kc3 h5 32. Kc4 g5 33. f3 Kf5 34. Kd5 Kf4 35. Re1 Kg3 36. Rxe5 Kxg2 37. Rxg5+ Kxh3 38. Rxh5+ Kg3 39. Rh8 Kxf3 40. Rxc8 1-0

[Event "*** Titled Tuesday Blitz"]
[Site "Chess.com"]
[Date "2020.05.05"]
[Round "6"]
[White "White_Ghost"]
[Black "Volodar_Murzin"]
[Result "0-1"]
[WhiteElo "2465"]
[BlackElo "2642"]
[TimeControl "180+1"]
[EndTime "11:07:35 PDT"]
[Termination "Volodar_Murzin won by resignation"]

1. d4 Nf6 2. c4 g6 3. g3 Bg7 4. Bg2 O-O 5. Nc3 d6 6. Nf3 Nbd7 7. e4 e5 8. O-O Re8 9. Re1 exd4 10. Nxd4 Nc5 11. f3 a5 12. Be3 Nfd7 13. Qc2 Ne5 14. Bf1 Ne6 15. Kg2 Nxd4 16. Bxd4 Nxf3 17. Kxf3 Bxd4 18.
Rad1 Bg7 19. Kg2 Qg5 20. Nd5 Qd8 21. c5 Be6 22. cxd6 cxd6 23. Bb5 Rc8 24. Qd2 Rf8 25. Rc1 Rc5 26. Rxc5 dxc5 27. Bc4 Bd4 28. a4 f5 29.
Qf4 Kh8 30. Kh1 Re8 31. Ne3 Bd7 32. Bd5 fxe4 33. Bxe4 Rxe4 34. Qxe4 Bc6 35. Nd5 Bxd5 0-1

[Event "*** Titled Tuesday Blitz"]
[Site "Chess.com"]
[Date "2020.05.05"]
[Round "6"]
[White "Eloist"]
[Black "Kaliopa"]
[Result "1-0"]
[WhiteElo "2241"]
[BlackElo "2089"]
[TimeControl "180+1"]
[EndTime "11:07:35 PDT"]
[Termination "Eloist won on time"]

1. e4 c5 2. Nf3 d6 3. Bb5+ Nd7 4. O-O Nf6 5. Re1 a6 6. Bf1 g6 7. c3 Bg7 8. d4 O-O 9. a4 b6 10. Bf4 Bb7 11. Nbd2 Nh5 12. Bg5 h6 13. Be3 Rc8 14. d5 e6 15. dxe6 fxe6 16. Nc4 Bxe4 17. Nfd2 Bd5 18.
Nxd6 Rc6 19. N6e4 Ndf6 20. Nxf6+ Nxf6 21. Bxa6 c4 22. Bb5 Rc8 23. Qe2 Qc7 24. Bd4 h5 25.
Be5 Qc5 26. Bd4 Qc7 27. Nf3 Ng4 28. Ne5 Bxe5 29. Bxe5 Nxe5 30. Qxe5 Qxe5 31. Rxe5 Rf6 32. f3 Rcf8 33. Kf2 h4 34. h3 1-0

[Event "*** Titled Tuesday Blitz"]
[Site "Chess.com"]
[Date "2020.05.05"]
[Round "6"]
[White "Yaacovn"]
[Black "SirMittensofMittensville"]
[Result "1-0"]
[WhiteElo "2864"]
[BlackElo "2667"]
[TimeControl "180+1"]
[EndTime "11:07:36 PDT"]
[Termination "Yaacovn won by resignation"]

1. d4 Nf6 2. Nf3 e6 3. e3 d5 4.
Bd3 c5 5. c3 Nc6 6. Nbd2 b6 7.
Ne5 Bb7 8. f4 Be7 9. O-O O-O 10.
Qf3 a5 11. g4 Nd7 12. Qh3 g6 13. Qh6 Ndxe5 14. fxe5 Bg5 15. Qh3 f5 16. Nf3 Be7 17. gxf5 exf5 18. Kh1 Qd7 19. Bd2 Nd8 20. Rg1 Ba6 21.
Bxa6 Rxa6 22. Be1 Ne6 23. Bh4 Ra7 24. Raf1 Bxh4 25. Qxh4 Qe7 26. Qh6 cxd4 27. exd4 f4 28. Rg4 Rf5 29. Rfg1 Nf8 30. Rxf4 Qf7 31. Ng5 Rxf4 32.
Nxf7 Raxf7 33. Qh3 R7f5 34. Qg2 Re4 35. Qc2 Rh5 36.
Rf1 Ne6 37. Qb3 Re2 38. Qxd5 Rhxh2+ 39. Kg1 Kg7 40. Qf3 Nf4 41. Qxe2 Rxe2 42. Rxf4 Rxb2 43.
Kf1 Rxa2 44. e6 Rd2 45. e7 1-0

[Event "*** Titled Tuesday Blitz"]
[Site "Chess.com"]
[Date "2020.05.05"]
[Round "6"]
[White "davigator"]
[Black "mariofs"]
[Result "1-0"]
[WhiteElo "2306"]
[BlackElo "2152"]
[TimeControl "180+1"]
[EndTime "11:07:36 PDT"]
[Termination "davigator won by checkmate"]

1. e4 c5 2. Nf3 Nc6 3. d4 cxd4 4. Nxd4 g6 5. Nxc6 bxc6 6. Qd4 Nf6 7. e5 Nd5 8. Bc4 Qb6 9. Qe4 Ba6 10. O-O Bxc4 11. Qxc4 Bg7 12. Re1 O-O 13. Nd2 a5 14. Nf3 Qb4 15. Qd3 Rab8 16. c3 Qb7 17. Rb1 Rfd8 18.
Bg5 h6 19. Bd2 d6 20. exd6 exd6 21. b3 Kh7 22. Rbd1 a4 23. b4 Qb5 24. c4 Nxb4 25. Qe4 Qc5 26. Be3 Qh5 27. a3 Na6 28. Qxc6 Nc5 29. Rxd6 Ne6 30. Rxd8 Rxd8 31. Qxa4 Bc3 32. Rf1 Qg4 33. Qb3 Bf6 34. h3 Qf5 35. Rc1 Rc8 36.
c5 Qe4 37. Qc2 Qc6 38. Qc4 Kg7 39. a4 Ra8 40. Qb5 Qc8 41. c6 Nc7 42. Qc4 Na6 43.
Bd4 Nc7 44. Bxf6+ Kxf6 45. Qd4+ Ke6 46. Re1+ Kf5 47. g4# 1-0

[Event "*** Titled Tuesday Blitz"]
[Site "Chess.com"]
[Date "2020.05.05"]
[Round "6"]
[White "dopolian"]
[Black "Irina_Barchuk"]
[Result "0-1"]
[WhiteElo "2389"]
[BlackElo "2215"]
[TimeControl "180+1"]
[EndTime "11:07:37 PDT"]
[Termination "Irina_Barchuk won by resignation"]

1. Nf3 g6 2. g3 Bg7 3. Bg2 Nf6 4.
O-O O-O 5. d4 d6 6. b3 Nc6 7. Bb2 e5 8. dxe5 Nd7 9. Nbd2 Ndxe5 10.
Nxe5 Nxe5 11. Rb1 c6 12. Nf3 Nxf3+ 13. Bxf3 Bxb2 14. Rxb2 Qf6 15. Rb1 d5 16. e3 Bf5 17.
Bg2 Be4 18. Qd2 Bxg2 19. Kxg2 h5 20. h4 Rfe8 21. Rbc1 Qb2 22. a4 Rad8 23. Qd3 Qe5 24.
Rfd1 c5 25. Re1 Qe4+ 26. Qxe4 dxe4 27. Red1 Kf8 28. Kf1 Ke7 29. Ke2 c4 30. b4 c3 31.
Rb1 Rxd1 32. Rxd1 Rd8 33. Rxd8 Kxd8 34. Kd1 Kd7 35. Kc1 Kd6 36. Kb1 Kd5 37. Ka2 Kc4 38. Ka3 b6 39. a5 b5 40. a6 f6 41. Ka2 Kxb4 42. Ka1 Ka5 43. Ka2 b4 44. Kb3 Kb5 45.
Ka2 Kxa6 46. Kb1 Kb5 47. Ka2 Kc4 0-1

[Event "*** Titled Tuesday Blitz"]
[Site "Chess.com"]
[Date "2020.05.05"]
[Round "6"]
[White "Fins0905"]
[Black "RubensCezila"]
[Result "0-1"]
[WhiteElo "2638"]
[BlackElo "2488"]
[TimeControl "180+1"]
[EndTime "11:07:39 PDT"]
[Termination "RubensCezila won by checkmate"]

1. d4 Nf6 2. c4 g6 3. Nc3 Bg7 4. e4 d6 5. f3 O-O 6. Nge2 c6 7.
Be3 Nbd7 8. Qd2 e5 9. d5 cxd5 10. cxd5 a6 11. g4 b5 12. Ng3 Nb6 13. h4 Nfd7 14.
h5 Nc5 15. Be2 b4 16. Nd1 a5 17. Bh6 Ra7 18. Bxg7 Kxg7 19. hxg6 fxg6 20. Qh6+ Kg8 21. Ne3 Qf6 22. Kd2 Qf4 23. Rag1 Rg7 24. b3 a4 25. Bd1 Ba6 26. Nf1 Rgf7 27. Qxf4 Rxf4 28. Ng3 Rxf3 29. Bxf3 Rxf3 30. Ngf1 Rf2+ 31. Kc1 axb3 32. axb3 Nxb3+ 33. Kb1 Na4 34. Rg2 Nc3# 0-1

[Event "*** Titled Tuesday Blitz"]
[Site "Chess.com"]
[Date "2020.05.05"]
[Round "6"]
[White "crackcubano"]
[Black "Shuvalov"]
[Result "1/2-1/2"]
[WhiteElo "2606"]
[BlackElo "2440"]
[TimeControl "180+1"]
[EndTime "11:07:39 PDT"]
[Termination "Game drawn by repetition"]

1. Nf3 d5 2. c4 c6 3. d4 Nf6 4. Nc3 dxc4 5. e4 b5 6. e5 Nd5 7. a4 e6 8. axb5 Nxc3 9. bxc3 cxb5 10. Ng5 Bb7 11. Qh5 g6 12. Qg4 Be7 13. h4 a5 14.
h5 gxh5 15. Qxh5 Bxg5 16. Bxg5 Qd7 17. Bf6 Rf8 18. Qxh7 Nc6 19. Qg7 Ne7 20. Rh8 Ng6 21.
Rh7 b4 22. Bxc4 bxc3 23. Rc1 Rc8 24. Rxc3 Ba6 25. Bd3 Rxc3 26. Bxg6 Rc1+ 27. Kd2 Qxd4+ 28. Kxc1 Qc3+ 29. Bc2 Qe1+ 30. Kb2 Qb4+ 31. Kc1 Qe1+ 32. Kb2 Qb4+ 33. Bb3 Qd2+ 34. Ka3 Qb4+ 35. Ka2 Qd2+ 36. Ka3 Qb4+ 37. Kb2 Qd2+ 38. Bc2 Qb4+ 1/2-1/2

[Event "*** Titled Tuesday Blitz"]
[Site "Chess.com"]
[Date "2020.05.05"]
[Round "6"]
[White "Dr-Bassem"]
[Black "Witik"]
[Result "0-1"]
[WhiteElo "2787"]
[BlackElo "2644"]
[TimeControl "180+1"]
[EndTime "11:07:40 PDT"]
[Termination "Witik won on time"]

1. e4 c6 2. d4 d5 3. exd5 cxd5 4. c4 Nf6 5. Nc3 e6 6. Nf3 Be7 7. cxd5 Nxd5 8. Bd3 Nc6 9. O-O Nf6 10. Re1 O-O 11. Bg5 Nb4 12. Bb1 b6 13. a3 Nbd5 14. Qd3 g6 15.
Ne5 Bb7 16. Bh6 Re8 17. Ba2 Nh5 18. Qf3 Nhf6 19. Bg5 Rb8 20. Ne4 Kg7 21. Rac1 Rf8 22. Qh3 Nh5 23. Bd2 Rc8 24. Ng4 Rxc1 25. Bxc1 f5 26.
Bh6+ Kg8 27. Bxf8 Qxf8 28. Ne5 Nhf4 29. Qg3 fxe4 30. Rxe4 Qf5 0-1

[Event "*** Titled Tuesday Blitz"]
[Site "Chess.com"]
[Date "2020.05.05"]
[Round "6"]
[White "okriak"]
[Black "Mischuk_D"]
[Result "1-0"]
[WhiteElo "2816"]
[BlackElo "2610"]
[TimeControl "180+1"]
[EndTime "11:07:40 PDT"]
[Termination "okriak won by resignation"]

1. Nf3 d5 2. e3 c6 3. c4 Nf6 4. Nc3 e6 5. b3 Bd6 6. Bb2 Qe7 7. d4 Ba3 8. Qc1 Bxb2 9. Qxb2 Nbd7 10. Bd3 b6 11.
O-O Bb7 12. e4 dxe4 13. Nxe4 c5 14. d5 exd5 15. Nxf6+ Qxf6 16. Rfe1+ Kf8 17. Qc2 g6 18. cxd5 Bxd5 19. Be4 Bxe4 20. Qxe4 Kg7 21. Rad1 Rhd8 22. Rxd7 Rxd7 23. Qxa8 Qb2 24. Qe8 Rd5 25. Qe2 Qc3 26.
Rd1 Rxd1+ 27. Qxd1 Qb2 28. a4 a6 29. h4 b5 30. axb5 axb5 31. Qd5 c4 32. Qd4+ Qxd4 33. Nxd4 cxb3 34. Nxb3 Kf6 35. Kf1 Ke5 36. Ke2 Kf4 37.
g3+ Kg4 38. Ke3 f6 39. Nc5 b4 40. Ne4 f5 41. Nc5 h6 42. Nd3 b3 43. Ne5+ Kh5 44.
Nd3 Kg4 45. Ne5+ Kh5 46. Nc4 Kg4 47. Ke2 f4 48. gxf4 Kxf4 49. f3 h5 50. Kf2 g5 51.
hxg5 Kxg5 52. Nb2 Kf5 53. Nd3 Ke6 54. Nc5+ Ke5 55. Nxb3 h4 56. Kg2 Kf4 57. Nd2 1-0

[Event "*** Titled Tuesday Blitz"]
[Site "Chess.com"]
[Date "2020.05.05"]
[Round "6"]
[White "EugeneRougon"]
[Black "LuckSlayeer"]
[Result "1-0"]
[WhiteElo "2752"]
[BlackElo "2515"]
[TimeControl "180+1"]
[EndTime "11:07:40 PDT"]
[Termination "EugeneRougon won by resignation"]

1. e4 c5 2. Nf3 Nc6 3. Bb5 g6 4. Bxc6 dxc6 5. d3 Bg7 6. h3 Nf6 7. Nc3 c4 8. d4 b5 9. a3 c5 10. dxc5 Qxd1+ 11. Kxd1 O-O 12. Be3 Bb7 13. Nd2 Rfd8 14.
Ke2 a5 15. f3 Bc6 16. a4 b4 17. Nb5 Nh5 18. Rhb1 f5 19. exf5 Ng3+ 20. Kf2 Nxf5 21. Nxc4 Bf6 22. Rd1 Nxe3 23. Kxe3 Rxd1 24. Rxd1 Rb8 25.
Nxa5 Bxb5 26. axb5 Rxb5 27. Rd8+ Kf7 28. Nb3 Bxb2 29.
c6 Be5 30. Rd7 Rb8 31. Ke4 Bd6 32. Kd5 Rb5+ 33. Kc4 Rb8 34. Nd4 Rc8 35. Kd5 Ke8 36. Nb5 Rb8 37. Nxd6+ exd6 38. Rxh7 1-0

[Event "*** Titled Tuesday Blitz"]
[Site "Chess.com"]
[Date "2020.05.05"]
[Round "6"]
[White "ChessTraining77"]
[Black "northridgehawk"]
[Result "1-0"]
[WhiteElo "2544"]
[BlackElo "2277"]
[TimeControl "180+1"]
[EndTime "11:07:40 PDT"]
[Termination "ChessTraining77 won on time"]

1. e4 e5 2. Nf3 Nc6 3. Bb5 a6 4. Ba4 Nf6 5. O-O b5 6. Bb3 Bc5 7. c3 d6 8. d4 Bb6 9. Be3 O-O 10.
Nbd2 Re8 11. Re1 Bg4 12. h3 Bh5 13. Bg5 exd4 14. Bd5 Qd7 15. Bxf6 gxf6 16. cxd4 Rad8 17. Nb3 Nb4 18. Bb7 c6 19. a3 Nc2 20. Qxc2 Qxb7 21.
Nh4 Bg6 22. Rac1 Rc8 23. Nxg6 hxg6 24. Qd2 Kg7 25. Qf4 c5 26. d5 c4 27. Nd2 Qc7 28. Nf3 Qc5 29. Rc2 Re7 30. h4 Rce8 31. h5 f5 32. Ng5 Re5 33. h6+ Kg8 34. Qh4 1-0

[Event "*** Titled Tuesday Blitz"]
[Site "Chess.com"]
[Date "2020.05.05"]
[Round "6"]
[White "Djager97"]
[Black "CzechmVIII"]
[Result "1-0"]
[WhiteElo "2477"]
[BlackElo "2261"]
[TimeControl "180+1"]
[EndTime "11:07:40 PDT"]
[Termination "Djager97 won on time"]

1. e4 c5 2. Nf3 d6 3. d4 cxd4 4. Nxd4 Nf6 5. Nc3 g6 6. Be2 Bg7 7. O-O Nc6 8. Nb3 O-O 9. Bg5 Be6 10. Kh1 Rc8 11. f4 a6 12. f5 Bd7 13. Bd3 Ne5 14.
Qe1 b5 15. a3 Nc4 16. Bxc4 Rxc4 17. Rd1 Qc7 18. Bxf6 exf6 19. Nd5 Qd8 20. c3 Re8 21. Nd4 Bc6 22. Qh4 Bxd5 23. exd5 Qb6 24. Rde1 Re5 25. Qg3 Rxd4 26. cxd4 Qxd4 27. Rxe5 fxe5 28. Qf3 f6 29. h3 Qxb2 30. fxg6 hxg6 31. Qg4 Qc2 32. Qe6+ Kh7 33. Qxd6 Qd3 34. Re1 e4 35. Qe6 f5 36. d6 1-0

[Event "*** Titled Tuesday Blitz"]
[Site "Chess.com"]
[Date "2020.05.05"]
[Round "6"]
[White "Abund"]
[Black "Kingsman132"]
[Result "0-1"]
[WhiteElo "2614"]
[BlackElo "2376"]
[TimeControl "180+1"]
[EndTime "11:07:40 PDT"]
[Termination "Kingsman132 won by checkmate"]

1. Nf3 d5 2. d4 Bf5 3. c4 e6 4. Nc3 c6 5. Qb3 Qb6 6. c5 Qxb3 7. axb3 a6 8. b4 Nd7 9. b5 cxb5 10. Nxb5 Rc8 11.
Nc3 Ne7 12. e3 Nc6 13. Be2 Be7 14. O-O O-O 15. Bd2 h6 16. Rfc1 Rfd8 17. h3 Bf6 18.
Na4 e5 19. Bc3 exd4 20. exd4 Re8 21. Bd1 Be4 22. b4 Nf8 23. Nb6 Rcd8 24. Ba4 Ne6 25. Bxc6 bxc6 26. Rxa6 Nf4 27. Re1 Bxf3 28. gxf3 Ne2+ 29.
Rxe2 Rxe2 30. Kf1 Rc2 31. Na4 Re8 32. Rxc6 Bh4 33. b5 Rxf2+ 34. Kg1 Ree2 35. b6 Bg3 36. b7 Bh2+ 37. Kh1 Rf1# 0-1

[Event "*** Titled Tuesday Blitz"]
[Site "Chess.com"]
[Date "2020.05.05"]
[Round "6"]
[White "Frogo47"]
[Black "gmelviro"]
[Result "0-1"]
[WhiteElo "2408"]
[BlackElo "2278"]
[TimeControl "180+1"]
[EndTime "11:07:40 PDT"]
[Termination "gmelviro won by resignation"]

1. e4 e5 2. Nf3 Nc6 3. Bb5 a6 4. Ba4 Nf6 5. O-O Be7 6. Re1 b5 7. Bb3 d6 8. c3 O-O 9. h3 Nb8 10. d4 Nbd7 11. Nbd2 Bb7 12. Bc2 Re8 13. a3 Bf8 14. b3 c5 15. d5 Qc7 16. Bb2 c4 17. b4 a5 18. a4 axb4 19. axb5 b3 20. Bb1 Rxa1 21. Bxa1 Ra8 22. Bb2 Nb6 23. Qe2 Rc8 24.
Ba3 g6 25. Bb4 Nfd7 26. Nh2 Qd8 27. Ng4 Rc7 28. Ne3 Qc8 29. g3 Nf6 30. Kh2 h5 31.
Ba5 Nfd7 32. Rf1 Rc5 33. f4 Rxb5 34. Bb4 Ba6 35. f5 Rxb4 36. cxb4 c3 37. Bd3 Bxd3 38. Qxd3 cxd2 39. Qxd2 Bh6 40. Qf2 g5 41. Qe2 g4 42.
hxg4 hxg4 43. Nxg4 Bg5 44. Rf2 Qc3 45. f6 Nc4 46. Rf5 Qc2 47. Rxg5+ Kf8 48. Qf2 Qxf2+ 49. Nxf2 b2 50. Rh5 Nxf6 51. Rf5 b1=Q 0-1

[Event "*** Titled Tuesday Blitz"]
[Site "Chess.com"]
[Date "2020.05.05"]
[Round "6"]
[White "ketster"]
[Black "DinaBelenkaya"]
[Result "1-0"]
[WhiteElo "2270"]
[BlackElo "2119"]
[TimeControl "180+1"]
[EndTime "11:07:40 PDT"]
[Termination "ketster won on time"]

1. d4 Nf6 2. c4 c5 3. d5 e5 4. Nc3 d6 5. e4 Be7 6. g3 a6 7. a4 Nbd7 8. Bg2 Nf8 9. Nge2 b6 10.
Bd2 Bd7 11. Qc2 Qc8 12. f4 Bh3 13. Bxh3 Qxh3 14. fxe5 dxe5 15. O-O-O N8d7 16. Bg5 Bd6 17. Rdf1 O-O 18. b3 Rfc8 19. Kb2 b5 20. axb5 Rcb8 21. Ra1 Qg2 22. bxa6 Nb6 23. Qd3 Ng4 24. Rhg1 Qxh2 25. Bd2 Nf2 26. Qf3 Nxc4+ 27. Kc2 Nxd2 28. Kxd2 Rxb3 29.
Kc2 Rab8 30. a7 Rb2+ 31. Kc1 1-0

[Event "*** Titled Tuesday Blitz"]
[Site "Chess.com"]
[Date "2020.05.05"]
[Round "6"]
[White "Tashik"]
[Black "1977Ivan"]
[Result "0-1"]
[WhiteElo "2464"]
[BlackElo "2639"]
[TimeControl "180+1"]
[EndTime "11:07:41 PDT"]
[Termination "1977Ivan won by resignation"]

1. c4 e5 2. Nc3 Nf6 3. Nf3 Nc6 4.
e4 Bb4 5. d3 d6 6. a3 Ba5 7. b4 Bb6 8. Na4 Bg4 9. Be2 Bxf3 10. Bxf3 Bd4 11. Rb1 a6 12. O-O b5 13.
Nb2 O-O 14. Be3 Qb8 15. Qd2 Qb6 16. Nd1 Ne7 17. Nc3 c6 18. Ne2 Bxe3 19. fxe3 h6 20. Kh1 Nh7 21. Ng3 Ng5 22. Be2 g6 23. Rf6 Qc7 24. Rbf1 Kg7 25. Qc3 Ng8 26. R6f2 Qe7 27. Kg1 bxc4 28. Qxc4 Qd7 29. Qc3 a5 30. Bd1 axb4 31.
axb4 h5 32. h4 Nh7 33. Bxh5 gxh5 34. Nxh5+ Kh8 35. Ng3 Nh6 36. Nf5 Nxf5 37. Rxf5 f6 38. Kh2 Rg8 39. R1f2 Qg7 40. R5f3 Qg4 41. Rh3 Qd1 42.
Qxc6 Ra1 0-1

[Event "*** Titled Tuesday Blitz"]
[Site "Chess.com"]
[Date "2020.05.05"]
[Round "6"]
[White "Trickov"]
[Black "Mili_Brizzi"]
[Result "0-1"]
[WhiteElo "2289"]
[BlackElo "2449"]
[TimeControl "180+1"]
[EndTime "11:07:41 PDT"]
[Termination "Mili_Brizzi won on time"]

1. d4 d5 2. Nf3 Nf6 3. c4 c6 4. Nc3 dxc4 5. a4 Bf5 6. e3 e6 7.
Bxc4 Bb4 8. O-O O-O 9. Qb3 Qe7 10. Nh4 Nbd7 11. Nxf5 exf5 12. Bd2 a5 13. Rfd1 Rfe8 14. g3 Rad8 15. Na2 Bxd2 16. Rxd2 Ne4 17. Rc2 Ndf6 18. Nc3 h5 19. Nxe4 Nxe4 20. Bf1 Rd6 21. Bg2 h4 22. Rac1 Rh6 23. Qa3 Qe6 24. Qd3 hxg3 25. hxg3 Rd8 26. Qe2 Qe7 27. Qf3 g6 28. Qe2 Kg7 29.
Qc4 Rhh8 30. b4 axb4 31. Rb2 Nxg3 32. fxg3 Qxe3+ 33. Kf1 Qxg3 34. Qxb4 Qf4+ 35. Rf2 Qxc1+ 0-1

[Event "*** Titled Tuesday Blitz"]
[Site "Chess.com"]
[Date "2020.05.05"]
[Round "6"]
[White "matiss90"]
[Black "731291"]
[Result "1-0"]
[WhiteElo "2524"]
[BlackElo "2676"]
[TimeControl "180+1"]
[EndTime "11:07:42 PDT"]
[Termination "matiss90 won by resignation"]

1. e4 e6 2. d4 d5 3. Nc3 Bb4 4.
exd5 exd5 5. Bd3 Nc6 6. a3 Bxc3+ 7. bxc3 Nge7 8. Ne2 Bf5 9. O-O O-O 10. Rb1 b6 11.
Ng3 Bg6 12. f4 Bxd3 13. cxd3 Qd7 14. f5 f6 15. Qg4 Nc8 16. Nh5 Kh8 17. Bf4 g6 18.
Ng3 g5 19. Bd2 Nd6 20. h4 h6 21. hxg5 hxg5 22. Kf2 Kg7 23. Rh1 Rh8 24. Bxg5 Kf7 25. Rxh8 Rxh8 26. Bf4 Ne7 27. Bxd6 Qxd6 28. Re1 Rg8 29.
Qh5+ Kf8 30. Qh6+ Kf7 31. Nh5 Nxf5 32. Qh7+ Kf8 33. Qxf5 Kf7 34. g3 Rg5 35. Qh7+ Kf8 36. Nf4 Rg7 37. Ne6+ Qxe6 38. Qxg7+ Kxg7 39. Rxe6 1-0

[Event "*** Titled Tuesday Blitz"]
[Site "Chess.com"]
[Date "2020.05.05"]
[Round "6"]
[White "Yuri202062"]
[Black "Macron20hTF1"]
[Result "0-1"]
[WhiteElo "2548"]
[BlackElo "2383"]
[TimeControl "180+1"]
[EndTime "11:07:42 PDT"]
[Termination "Macron20hTF1 won by resignation"]

1. d4 g6 2. e4 Bg7 3. Nc3 d6 4. Be3 a6 5. h4 h6 6. Qd2 b5 7. h5 g5 8. f4 gxf4 9. Bxf4 Bb7 10.
O-O-O Nd7 11. Nf3 c5 12. dxc5 Nxc5 13. Qe1 Qa5 14. Kb1 Bxc3 15. Qxc3 Qxc3 16. bxc3 Nxe4 17. Re1 Ngf6 18. c4 e5 19. Bc1 Ng3 20. Rh3 Nxf1 21. Rxf1 Ke7 22. cxb5 axb5 23. Bb2 Bd5 24. a3 Be6 25.
Rh4 Ra4 26. Rxa4 bxa4 27. Nxe5 dxe5 28. Bxe5 Ne4 29. Rxf7+ Bxf7 30. Bxh8 Nf6 31. Bg7 Ng4 32. Kb2 Bxh5 33. c4 Be8 34. Kc3 Bc6 35. g3 h5 36. Kd4 Kd7 37. Bf8 Nf6 38. Ke5 Ne4 39. Kf4 Nd2 40. Kg5 Bf3 41. Kf4 Bg4 42. c5 Nc4 43. c6+ Kxc6 44. Ke4 Nd6+ 45. Ke5 Nf5 46. Kf4 Kd5 47. Bb4 Kc4 48. Bf8 Nd4 49. Be7 Kb3 50. Ke3 Nc2+ 51. Kd2 Nxa3 52. Bd6 Nc4+ 53. Kd3 Nxd6 0-1

[Event "*** Titled Tuesday Blitz"]
[Site "Chess.com"]
[Date "2020.05.05"]
[Round "6"]
[White "Malysch"]
[Black "DaggiGretarsson"]
[Result "1-0"]
[WhiteElo "2413"]
[BlackElo "2506"]
[TimeControl "180+1"]
[EndTime "11:07:42 PDT"]
[Termination "Malysch won by resignation"]

1. d4 g6 2. c4 Bg7 3. Nf3 e6 4. g3 Ne7 5. Bg2 d5 6. Nbd2 O-O 7. O-O Nbc6 8. cxd5 exd5 9. Nb3 Nf5 10. Bf4 b6 11.
Rc1 Bb7 12. Qd2 Re8 13. Rfd1 Nd6 14. Ne5 Nxe5 15. Bxe5 Bxe5 16. dxe5 Rxe5 17. Nd4 c5 18. Nc2 Nc4 19. Qf4 Qe7 20. b3 Rf5 21. Qh6 Ne5 22. Ne3 Rh5 23. Qf4 d4 24. Bxb7 Qxb7 25. g4 Rh3 26. Qxe5 dxe3 27. f3 h5 28. g5 Rh4 29.
Rd6 Rf8 30. Rcd1 Rd4 31. R1xd4 cxd4 32. Rxd4 Qa6 33. Qxe3 Qxa2 34. Rd7 Qxb3 35. Qxb3 1-0

[Event "*** Titled Tuesday Blitz"]
[Site "Chess.com"]
[Date "2020.05.05"]
[Round "6"]
[White "manuellarrea"]
[Black "HouseOfDurin"]
[Result "1-0"]
[WhiteElo "2193"]
[BlackElo "1986"]
[TimeControl "180+1"]
[EndTime "11:07:42 PDT"]
[Termination "manuellarrea won on time"]

1. e4 c5 2. Nf3 Nc6 3. d4 cxd4 4. Nxd4 e5 5. Nb5 d6 6. c4 Be6 7. N1c3 a6 8. Na3 Nf6 9. Be2 Be7 10. O-O Rc8 11.
f3 O-O 12. Nd5 Na5 13. Be3 Bxd5 14. cxd5 b5 15. b3 Nd7 16. Nc2 Nb7 17. b4 f5 18.
Qd2 Nb6 19. Rfc1 Nc4 20. Bxc4 Rxc4 21. Na3 Rxc1+ 22. Rxc1 fxe4 23. fxe4 Qe8 24. Rc6 Qg6 25. Qd3 Bg5 26. Bf2 Qf6 27. Qe2 Qf4 28. g3 Qd2 29. Qxd2 Bxd2 30. Nc2 a5 31. Rb6 Nd8 32. bxa5 Bxa5 33.
Rxb5 Bc3 34. Rb8 Nf7 35. Rxf8+ Kxf8 36. h4 Ke8 37. Kg2 g5 38. h5 g4 39. Be3 1-0

[Event "*** Titled Tuesday Blitz"]
[Site "Chess.com"]
[Date "2020.05.05"]
[Round "6"]
[White "Jumbo"]
[Black "theblitzchamp"]
[Result "1/2-1/2"]
[WhiteElo "2873"]
[BlackElo "2687"]
[TimeControl "180+1"]
[EndTime "11:07:43 PDT"]
[Termination "Game drawn by repetition"]

1. d4 Nf6 2. Bf4 g6 3. e3 Bg7 4.
h3 d6 5. Nf3 O-O 6. Nbd2 Nc6 7.
Bc4 Qe8 8. O-O e5 9. Bh2 Bf5 10.
dxe5 dxe5 11. Bb5 Ne4 12. Nxe4 Bxe4 13. Ng5 Rd8 14. Qe2 Bf5 15. Qc4 Rd6 16. Rad1 Qd8 17. Rxd6 cxd6 18. e4 Qxg5 19. exf5 Nd4 20. fxg6 hxg6 21.
Qd5 Qd2 22. Bd3 b6 23. c3 Ne2+ 24. Kh1 Nf4 25. Bxf4 Qxf4 26. Bc4 e4 27. g3 Qf3+ 28. Kg1 Be5 29. Re1 Bxg3 30. fxg3 Qxg3+ 31. Kf1 Qf3+ 32.
Kg1 Qg3+ 33. Kf1 Qf3+ 34. Kg1 Qg3+ 1/2-1/2

[Event "*** Titled Tuesday Blitz"]
[Site "Chess.com"]
[Date "2020.05.05"]
[Round "6"]
[White "FedaMaster"]
[Black "PauloCesarCosta_sad"]
[Result "1-0"]
[WhiteElo "2536"]
[BlackElo "2207"]
[TimeControl "180+1"]
[EndTime "11:07:43 PDT"]
[Termination "FedaMaster won on time"]

1. e4 e6 2. d4 d5 3. Bd3 Nf6 4. e5 Nfd7 5. f4 c5 6. c3 Nc6 7. Nf3 cxd4 8. cxd4 Be7 9. Nc3 O-O 10. Be3 f5 11. exf6 Bxf6 12. O-O Qb6 13. Na4 Qb4 14. a3 Qe7 15. Ne5 Bxe5 16. fxe5 Rxf1+ 17. Qxf1 Nb6 18. Nxb6 axb6 19. Qf3 Bd7 20. Rf1 Rf8 21. Qxf8+ Qxf8 22. Bxh7+ Kxh7 23. Rxf8 Ne7 24. Rf7 Nf5 25. Rxd7 Nxe3 26. Rxb7 Nc2 27. Rxb6 Nxd4 28. a4 Ne2+ 29. Kf2 Nf4 30. Kf3 Nd3 31. Rxe6 Nc5 32. Rc6 Nxa4 33. b4 d4 34. Ke4 d3 35. Kxd3 Kg8 36. Kc2 Kf7 37.
Kb3 1-0

[Event "*** Titled Tuesday Blitz"]
[Site "Chess.com"]
[Date "2020.05.05"]
[Round "6"]
[White "Shield12"]
[Black "oskariot"]
[Result "1-0"]
[WhiteElo "2815"]
[BlackElo "2615"]
[TimeControl "180+1"]
[EndTime "11:07:44 PDT"]
[Termination "Shield12 won on time"]

1. e4 c5 2. Nf3 d6 3. c3 Nf6 4. Bd3 g6 5. Bc2 Bg7 6. O-O O-O 7. Re1 Bg4 8. h3 Bxf3 9. Qxf3 Nc6 10. d3 Rb8 11. a4 a6 12. Be3 b5 13. axb5 axb5 14.
Nd2 Nd7 15. Nb3 c4 16. Nd4 Nce5 17. Qe2 Qc7 18. Ra2 cxd3 19. Bxd3 Nxd3 20. Qxd3 Ne5 21. Qe2 b4 22. Rc1 bxc3 23. Rxc3 Qb7 24. Qc2 Qb4 25.
f4 Ng4 26. Nc6 Nxe3 27. Rxe3 Qb6 28. Nxe7+ Kh8 29. Nd5 Qd4 30. Kh2 f5 31. b4 Rxb4 32. Qe2 Rb1 33. Rd2 Qa1 34. exf5 gxf5 35. Re8 Rb8 36. Re7 Rg8 37. Qh5 Rbf8 38. Ree2 Qc1 39. Ne7 1-0

[Event "*** Titled Tuesday Blitz"]
[Site "Chess.com"]
[Date "2020.05.05"]
[Round "6"]
[White "plumalka"]
[Black "korkmaz16"]
[Result "0-1"]
[WhiteElo "2441"]
[BlackElo "2310"]
[TimeControl "180+1"]
[EndTime "11:07:44 PDT"]
[Termination "korkmaz16 won by resignation"]

1. e4 d5 2. exd5 Nf6 3. Bb5+ Bd7 4. Bc4 Bg4 5. f3 Bc8 6. Nc3 Nbd7 7. Nge2 Nb6 8.
Bb5+ Bd7 9. Bxd7+ Qxd7 10. O-O Nfxd5 11. Nxd5 Nxd5 12. c4 Nf6 13. d4 e6 14. Be3 Be7 15. Qb3 c6 16. Rad1 O-O 17. Ng3 Rfd8 18. Qc2 Qc7 19. Ne4 e5 20. Qf2 exd4 21. Bxd4 Nxe4 22.
fxe4 Bf8 23. c5 Rd7 24. Rde1 Qa5 25. Kh1 Qxa2 26. Bc3 Qe6 27. b4 Rad8 28. Re3 Rd3 29. Rf3 Rxf3 30. Qxf3 Qc4 31. h3 Rd3 32. Qf2 Rxc3 33.
e5 Rc1 34. Re1 Rxe1+ 35. Qxe1 Qe6 36. Qe4 f6 37. Qd4 fxe5 38. Qd8 e4 39. Kg1 e3 40. Qd1 e2 41. Qe1 Qe3+ 42. Kh2 a5 43. bxa5 Bxc5 44.
Qh4 Bd6+ 45. g3 Qf2+ 0-1